 Dungeon Crawl Stone Soup version 0.28-a0-87-g9a7839dea9 (webtiles) character file.

Game seed: 7475108890376279768

3042 senseless the Carver (level 9, -3/78 HPs)
             Began as a White Draconian Berserker on Aug 6, 2021.
             Was an Elder of Trog.
             Slain by a five-headed hydra (7 damage)
             ... on level 7 of the Dungeon.
             The game lasted 00:19:45 (7010 turns).

senseless the Carver (White Draconian Berserker)    Turns: 7010, Time: 00:19:45

Health: -3/78      AC: 11    Str: 29    XL:     9   Next: 56%
Magic:  9/9        EV: 13    Int:  8    God:    Trog [****..]
Gold:   352        SH:  0    Dex: 10    Spells: 8/8 levels left

rFire   . . .      SeeInvis .   g - +5 triple sword (vorpal)
rCold   + + .      Faith    .   (shield currently unavailable)
rNeg    . . .      Spirit   .   (armour unavailable)
rPois   .          Reflect  .   (helmet restricted)
rElec   .          Harm     .   v - +0 cloak
rCorr   .          Rampage  .   (no gloves)
Will    .....                   n - +2 pair of boots
Stlth   ++........              (no amulet)
HPRegen 0.23/turn               i - ring of protection from cold
MPRegen 0.11/turn               p - +6 ring of strength

@: no status effects
A: breathe frost, AC +7, unfitting armour, cold resistance 1, cold-blooded
a: Breathe Frost, Renounce Religion, Berserk, Trog's Hand, Brothers in Arms


You were on level 7 of the Dungeon.
You worshipped Trog.
Trog was greatly pleased with you.
You visited 2 branches of the dungeon, and saw 8 of its levels.
You also visited: Sewer.

You collected 352 gold pieces.

Inventory:

Hand Weapons
 a - a +0 falchion
 g - a +5 vorpal triple sword (weapon)
Missiles
 b - 7 atropa-tipped darts
 q - 6 boomerangs
 s - 2 boomerangs of dispersal
 t - 13 poisoned darts (quivered)
 w - 3 javelins
 A - a curare-tipped dart
Armour
 l - a +0 buckler
 n - a +2 pair of boots (worn)
 v - a +0 cloak (worn)
Jewellery
 e - an amulet of magic regeneration
 i - a ring of protection from cold (left hand)
 m - a ring of fire
 p - a +6 ring of strength (right hand)
Wands
 C - a wand of iceblast (5)
 D - a wand of acid (7)
Scrolls
 c - 2 scrolls of identify
 j - 3 scrolls of magic mapping
 o - 2 scrolls of amnesia
 r - 2 scrolls of teleportation {unknown}
 u - a scroll of enchant weapon {unknown}
 y - a scroll of torment {unknown}
 B - a scroll of silence {unknown}
Potions
 d - a potion of lignification
 f - a potion of haste
 h - 5 potions of curing
 k - a potion of berserk rage
 x - a potion of resistance {unknown}
 z - a potion of flight {unknown}


   Skills:
 + Level 6.7 Fighting
 + Level 10.5 Long Blades
 + Level 0.8 Throwing
 + Level 5.5 Dodging
 + Level 3.6 Stealth
 + Level 1.3 Shields


You had 8 spell levels left.
You didn't know any spells.
Your spell library contained the following spells:

 Spells                   Type           Power      Damage    Failure   Level
 Summon Small Mammal      Summ           0%         N/A       41%         1
 Call Canine Familiar     Summ           0%         N/A       78%         3
 Summon Guardian Golem    Hex/Summ       0%         N/A       78%         3
 Chain Lightning          Conj/Air       0%         N/A       100%        9
 Fire Storm               Conj/Fire      0%         5d1       100%        9


Dungeon Overview and Level Annotations

Branches:
Dungeon (7/15)             Temple (1/1) D:4           Sewer (visited)

Altars:
Dithmenos
Elyvilon
Gozag
Kikubaaqudgha
Makhleb
Okawaru
Ru
Sif Muna
Wu Jian
Yredelemnul
Zin

Annotations:
D:3 1 runed translucent door, DOPEyDwarf's ghost, amateur FoFi


Innate Abilities, Weirdness & Mutations

You can breathe waves of freezing cold which knock back foes.
Your icy white scales are hard. (AC +7)
You cannot fit into any form of body armour.
Your flesh is cold resistant. (rC+)
You are cold-blooded and may be slowed by cold attacks.


Message History

* * * LOW HITPOINT WARNING * * *
The five-headed hydra bites you but does no damage.
There is an open door here.
There is an open door here.
There is an open door here.
There is an open door here.
The five-headed hydra bites you but does no damage. x2
The five-headed hydra closely misses you. x2
The five-headed hydra misses you.
There is a shadowy altar of Dithmenos here.
There is an open door here.
Items here: ))) [[ ††.
There is an open door, spattered with blood here.
Hit: g) +5 triple sword (vorpal)
Press: ? - help, Dir - move target, f - five-headed hydra
Aim: a five-headed hydra (about 19% to evade your +5 vorpal triple sword)
Okay, then.
Aiming: Iceblast
Press: ? - help, Shift-Dir - straight line The mass of ice explodes!
The iceblast engulfs the five-headed hydra.
The five-headed hydra is lightly wounded.
The five-headed hydra completely misses you.
The five-headed hydra bites you.
* * * LOW HITPOINT WARNING * * *
The five-headed hydra closely misses you.
The five-headed hydra bites you.
* * * LOW HITPOINT WARNING * * *
The five-headed hydra bites you!
* * * LOW HITPOINT WARNING * * *
There is an open door here.
There is an open door here.
As you read the scroll labelled MEZ YFIRROH, it crumbles to dust.
It is a scroll of amnesia.
You feel forgetful for a moment.
The five-headed hydra bites you but does no damage.
The five-headed hydra bites you.
* * * LOW HITPOINT WARNING * * *
The five-headed hydra bites you!
You die...

..### #####..##
..# ####...# .##
#.#.#..##
.#.#.#####...#...#
. ...............#
####+##'##+###.#
#.....#.....#.#
#.....#.....#.#
+##+##'##'##'@#
#..#.....#..#D#
#..#+###'#..#.#
#..#.....#..#.#
+..'.._..+..+.#
#..#.....#..#.#
#..#+###+#..#.#
#))#.....#..#.#
+##'##'##'##'.#


You could see a five-headed hydra.

Vanquished Creatures
  Prince Ribbit (D:5)
  Sigmund (D:5)
  A shadow (D:6)
  2 water moccasins (D:7)
  Purgy (Sewer)
  A sky beast (D:5)
  An ogre (D:5)
  3 necrophages
  2 phantoms
  A kobold brigand (D:6)
  A bullfrog (D:7)
  8 scorpions
  4 wights (D:7)
  A howler monkey (D:7)
  A bullfrog zombie (D:6)
  A centaur zombie (D:5)
  2 jellies (D:6)
  2 hounds
  Crazy Yiuf (D:4)
  3 orc priests
  A bullfrog skeleton (D:6)
  4 iguanas
  7 orc wizards
  2 hound skeletons
  10 adders
  3 dart slugs (D:1)
  26 orcs
  6 endoplasms
  4 giant cockroaches
  3 goblins
  5 hobgoblins
  4 jackals (D:1)
  2 quokkas
  10 ball pythons
  15 bats
  2 frilled lizards (D:2)
  16 kobolds
  6 rats
164 creatures vanquished.

Vanquished Creatures (others)
  An orc (D:6)
  2 fungi (D:4)
3 creatures vanquished.

Grand Total: 167 creatures vanquished

Notes
Turn   | Place    | Note
-------+----------+-------------------------------------------
     0 | D:1      | senseless the Draconian Berserker began the quest for the
                  | Orb.
     0 | D:1      | Reached XP level 1. HP: 19/19 MP: 1/1
   276 | D:1      | Reached XP level 2. HP: 21/26 MP: 2/2
   745 | D:1      | Reached XP level 3. HP: 31/33 MP: 3/3
   826 | D:1      | Reached ** piety under Trog
  1452 | D:2      | Reached skill level 4 in Long Blades
  1458 | D:2      | Reached XP level 4. HP: 40/40 MP: 4/4
  2313 | D:3      | Found a runed translucent door.
  2396 | D:3      | Noticed DOPEyDwarf's ghost (amateur FoFi)
  2659 | D:3      | Reached XP level 5. HP: 46/46 MP: 5/5
  3109 | D:4      | Found a staircase to the Ecumenical Temple.
  3118 | D:4      | Reached *** piety under Trog
  3145 | Temple   | Entered the Ecumenical Temple
  3354 | D:4      | Reached skill level 5 in Long Blades
  3354 | D:4      | Reached skill level 1 in Stealth
  3441 | D:4      | Reached XP level 6. HP: 38/53 MP: 6/6
  3879 | D:4      | Found a sacrificial altar of Ru.
  4065 | D:4      | Found an iron altar of Okawaru.
  4065 | D:4      | Found an ancient bone altar of Kikubaaqudgha.
  4141 | D:4      | Found a runed translucent door.
  4142 | D:4      | Noticed Crazy Yiuf
  4151 | D:4      | Killed Crazy Yiuf
  4198 | D:5      | Entered Level 5 of the Dungeon
  4207 | D:5      | Identified a scroll of acquirement
  4207 | D:5      | Acquired a +5 vorpal triple sword
  4261 | D:5      | Found a glowing drain.
  4264 | D:5      | Noticed Prince Ribbit
  4272 | D:5      | Killed Prince Ribbit
  4273 | D:5      | Reached skill level 1 in Shields
  4273 | D:5      | Your scales start taking on an icy white colour.
  4273 | D:5      | Reached XP level 7. HP: 38/60 MP: 7/7
  4273 | D:5      | Gained mutation: Your flesh is cold resistant. (rC+) [White
                  | Draconian growth]
  4291 | D:5      | Reached skill level 6 in Long Blades
  4367 | Sewer    | Entered a sewer
  4390 | Sewer    | Noticed Purgy
  4396 | Sewer    | Killed Purgy
  4397 | Sewer    | Reached skill level 5 in Fighting
  4630 | D:5      | Reached skill level 7 in Long Blades
  4652 | D:5      | Reached XP level 8. HP: 69/69 MP: 8/8
  4810 | D:5      | Noticed Sigmund
  4813 | D:5      | Killed Sigmund
  4813 | D:5      | Reached **** piety under Trog
  4858 | D:5      | Reached skill level 8 in Long Blades
  5055 | D:5      | Found a glowing silver altar of Zin.
  5219 | D:5      | Found a white marble altar of Elyvilon.
  5228 | D:5      | Found a basalt altar of Yredelemnul.
  5233 | D:5      | Found a burning altar of Makhleb.
  5666 | D:6      | Reached skill level 9 in Long Blades
  5723 | D:6      | Reached skill level 5 in Dodging
  5770 | D:6      | Found a shimmering blue altar of Sif Muna.
  5787 | D:6      | Reached XP level 9. HP: 61/75 MP: 9/9
  5925 | D:6      | Found an opulent altar of Gozag.
  6486 | D:7      | Reached skill level 10 in Long Blades
  6779 | D:7      | Found an ornate altar of the Wu Jian Council.
  6922 | D:7      | Found a shadowy altar of Dithmenos.
  6955 | D:7      | Noticed a four-headed hydra
  7010 | D:7      | Slain by a five-headed hydra

Illustrated notes

Levels and vault maps discovered:
D:1:      psy_arrival_radial02, layout_basic, interstate_on_off
D:2:      layout_loops_cross
D:3:      layout_rooms, ebering_ghost_reflecting_pool
D:4:      layout_cave_pools, mainiacjoe_overflow_small_starburst,
          chequers_temple_overflow_statue_of_worship,
          minmay_temple_entry_large_hall, minmay_misc_feat_ornament,
          uniq_crazy_yiuf_cottage
D:5:      layout_basic, kennysheep_mini, minitemple, gup_sewer_entry_glass,
          uniq_sigmund, uniq_prince_ribbit1
D:6:      layout_loops_ring, nicolae_overflow_hidden_temple,
          mainiacjoe_overflow_surrounded_room
D:7:      layout_cave_pools, mainiacjoe_overflow_24_doors,
          mainiacjoe_overflow_catwalk, kennysheep_generic_room_5
Temple:   nicolae_temple_figure_zero

Skill      XL: |  1  2  3  4  5  6  7  8  9 |
---------------+----------------------------+-----
Dodging        | 3 4 5 |  5.5
Fighting       | 4 5 6 |  6.7
Long Blades    | 4 5 7 9 10 | 10.5
Stealth        | 1 2 3 |  3.6
Shields        | 1 |  1.3
Throwing       | |  0.8

Action                   |  1- 3 |  4- 6 |  7- 9 || total
-------------------------+-------+-------+-------++-------
Melee: Falchion          |   110 |   160 |       ||   270
       Tailslap          |    20 |    23 |    17 ||    60
       Triple sword      |       |     4 |   156 ||   160
Throw: Dart              |       |     5 |       ||     5
Invok: Berserk           |     1 |     1 |     1 ||     3
Evoke: Wand              |       |       |     2 ||     2
  Use: Scroll            |       |     6 |     6 ||    12
 Stab: Sleeping          |     1 |     3 |     5 ||     9
Armor: Skin              |    31 |    60 |    76 ||   167
Dodge: Dodged            |   105 |    92 |   133 ||   330
Block: Buckler           |       |    21 |       ||    21
       Rpst.: Falchion   |    36 |    27 |       ||    63
       Triple sword      |       |       |    32 ||    32

Table legend: (Time is in decaauts)
 A = Elapsed time spent in this place.
 B = Non-inter-level travel time spent in this place.
 C = Inter-level travel time spent in this place.
 D = Time resting spent in this place.
 E = Time spent auto-exploring this place.
 F = Levels seen in this place.
 G = Mean time per level.
                   A        B        C        D        E       F      G
               +--------+--------+--------+--------+--------+-----+--------+
         Total |   7161 |   6895 |    266 |    986 |   4658 |   9 |  795.7 |
       Dungeon |   6870 |   6604 |    266 |    786 |   4603 |   7 |  981.4 |
        Temple |    201 |    201 |      0 |    200 |      0 |   1 |  201.0 |
         Sewer |     90 |     90 |      0 |      0 |     55 |   1 |   90.0 |
               +--------+--------+--------+--------+--------+-----+--------+

Top non-repeatable levels by time:
     D:2: 1258 daAuts
     D:5: 1170 daAuts
     D:6: 1074 daAuts
     D:1: 1066 daAuts
     D:4: 939 daAuts
     D:3: 799 daAuts
     D:7: 561 daAuts
  Temple: 201 daAuts
   Sewer: 90 daAuts
